 Dungeon Crawl Stone Soup version 0.28.0-45-g0d030f2227 (webtiles) character file.

Game seed: 14797716178670330862

60 MisterFreud the Changer (level 3, 0/28 HPs)
             Began as a Draconian Transmuter on Apr 20, 2022.
             Slain by Sigmund
             ... wielding a +0 scythe
              (12 damage)
             ... on level 2 of the Dungeon.
             The game lasted 00:02:13 (1988 turns).

MisterFreud the Changer (Draconian Transmuter)      Turns: 1988, Time: 00:02:13

Health: 0/28       AC:  2    Str: 12    XL:     3   Next: 82%
Magic:  3/6        EV: 19    Int: 15    God:
Gold:   59         SH:  0    Dex: 16    Spells: 0/6 levels left

rFire   . . .      SeeInvis .     - Unarmed
rCold   . . .      Faith    .   (shield currently unavailable)
rNeg    . . .      Spirit   .   (armour unavailable)
rPois   x          Reflect  .   (helmet currently unavailable)
rElec   .          Harm     .   (cloak currently unavailable)
rCorr   .          Rampage  .   (gloves currently unavailable)
Will    .....                   (boots currently unavailable)
Stlth   +.........              (no amulet)
HPRegen 0.09/turn               (no ring)
MPRegen 0.10/turn               (no ring)

@: spider-form (expiring)
A: venomous fangs, AC +5, tiny, unfitting armour, (cold-blooded)
a: End Transformation


You were on level 2 of the Dungeon.
You were a venomous arachnid creature.
You visited 1 branch of the dungeon, and saw 2 of its levels.

You collected 59 gold pieces.

Inventory:

Scrolls
 a - a scroll of amnesia {unknown}
 b - a scroll of brand weapon {unknown}
 d - a scroll of fear {unknown}
 g - a scroll of teleportation {unknown}
 i - a scroll of summoning {unknown}
Potions
 e - a potion of invisibility {unknown}
 f - a potion of flight {unknown}
 h - a potion of attraction {unknown}


   Skills:
 - Level 1.1 Fighting
 - Level 1.7 Dodging
 - Level 3.0 Unarmed Combat
 - Level 2.0 Spellcasting
 + Level 4.2 Transmutations


You couldn't memorise any spells.
You knew the following spells:

 Your Spells              Type           Power      Damage    Failure   Level
a - Beastly Appendage     Tmut           28%        N/A       13%         1
b - Wereblood             Tmut           14%        N/A       17%         2
c - Spider Form           Tmut/Pois      7%         N/A       50%         3

Your spell library contained the following spells:

 Spells                   Type           Power      Damage    Failure   Level
 Summon Guardian Golem    Hex/Summ       1%         N/A       75%         3
 Ice Form                 Ice/Tmut       7%         N/A       85%         4
 Orb of Destruction       Conj           0%         9d5       100%        7
 Spellforged Servitor     Conj/Summ      0%         N/A       100%        7


Dungeon Overview and Level Annotations

Branches:
Dungeon (2/15)

Altars:
Cheibriados

Annotations:
D:2 Sigmund


Innate Abilities, Weirdness & Mutations

You are a venomous arachnid creature.
You have poisonous fangs.
You are tiny and dextrous.
Your spellcasting is less reliable in this form.
Your armour is entirely melded.
You are incapable of wielding weapons or throwing items.
((Your plain brown scales are hard. (AC +5)))
You cannot fit into any form of body armour.
((You are cold-blooded and may be slowed by cold attacks.))


Message History

Items here: )) ††.
There is an open door here.
There is a faded altar of an unknown god here.
You open the door.
There is an open door here.
A bat comes into view.
A bat is nearby!
A bat is nearby!
You grow a pair of large bovine horns.
Your feet morph into talons.
You closely miss the bat. Your kick misses the bat. The bat misses you.
A bat is nearby!
The bat closely misses you.
A bat is nearby!
You closely miss the bat. Your kick misses the bat.
The bat hits you but does no damage.
A bat is nearby!
You miss the bat. You headbutt the bat.
You kill the bat!
Magic restored.
Your transformation is almost over.
Your horns disappear.
Your talons disappear.
Found a stone staircase leading up.
No target in view!
Sigmund the Dreaded comes into view.
He is wielding a +0 scythe and wearing a +1 robe of cold resistance.
Found a fizzy clear potion.
Sigmund is nearby!
Casting: Beastly Appendage (safe; 4% risk of failure)
Confirm with . or Enter, or press ? or * to list all spells.
The spell is extremely dangerous to miscast (28% risk of failure)!
Continue anyway?
You turn into a venomous arachnid creature.
Sigmund mumbles some strange words.
Sigmund flickers and vanishes!
Deactivating autopickup; reactivate with Ctrl-A.
You barely miss something. Something hits you!
You closely miss something. Something hits you.
You closely miss something. You hit something but do no damage.
Your transformation is almost over.
Something hits you!
You die...

## !. ### .# ...
..# #.###..
#..{# #s##.#
####.##.#
#....##.#
#.##.##.#
#######.##.##.#
...........##.#
#######.#####.#
#.# ##.##
#######.####...#


There were no monsters in sight!

Vanquished Creatures
  A gnoll (D:1)
  A worm (D:2)
  A dart slug (D:2)
  5 bats
  5 endoplasms
  A giant cockroach (D:1)
  3 goblins
  3 hobgoblins
  3 jackals (D:1)
  7 kobolds
  2 quokkas (D:1)
  4 ball pythons
  2 frilled lizards (D:1)
  3 rats (D:1)
41 creatures vanquished.

Notes
Turn   | Place    | Note
-------+----------+-------------------------------------------
     0 | D:1      | MisterFreud the Draconian Transmuter began the quest for
                  | the Orb.
     0 | D:1      | Reached XP level 1. HP: 16/16 MP: 3/3
    73 | D:1      | Reached XP level 2. HP: 18/23 MP: 3/5
   238 | D:1      | Reached skill level 3 in Transmutations
   754 | D:1      | Reached XP level 3. HP: 12/28 MP: 4/6
  1078 | D:1      | Found a snail-covered altar of Cheibriados.
  1132 | D:2      | Learned a level 2 spell: Wereblood
  1136 | D:2      | Learned a level 3 spell: Spider Form
  1352 | D:2      | Reached skill level 4 in Transmutations
  1606 | D:2      | Found a faded altar of an unknown god.
  1981 | D:2      | Noticed Sigmund
  1988 | D:2      | Slain by Sigmund

Illustrated notes

Levels and vault maps discovered:
D:1:      dpeg_arrival_water_altar, layout_rooms
D:2:      layout_loops_ring, dreamdust_ecumenical_altar_angels_and_demons,
          serial_shops, nicolae_shop_temple_entry_statues_fountains,
          uniq_jessica, uniq_sigmund

Skill      XL: |  1  2  3 |
---------------+----------+-----
Transmutations | 3 4 |  4.2
Fighting       | |  1.1
Dodging        | |  1.7
Unarmed Combat | |  3.0
Spellcasting   | |  2.0

Action                   || total
-------------------------++-------
Melee: Unarmed           ||   107
       Kick              ||    15
       Headbutt          ||    11
       Tailslap          ||     5
       Punch             ||     3
 Cast: Beastly Appendage ||    25
       Spider Form       ||     2
  Use: Potion            ||     1
Armor: Skin              ||    32
Dodge: Dodged            ||    60
